TOP OF THE 1ST |
Georgia Bulldogs batting - Pitching for Purdue Boilermakers : RHP Bill Hines
|
Pitching: RHP Bill Hines
|
|
Batting: RHB Nick Harris
|
0-0: Ball 1-0: Ball 2-0: Fly out, F9 (Flyball, 89M)
|
Batting: SHB Lawrence Farley
|
0-0: Called Strike 0-1: Ball 1-1: SINGLE (Line Drive, 34D)
|
Batting: RHB Francisco Rodríguez
|
0-0: Called Strike 0-1: Ball 1-1: Ball 2-1: SINGLE (Groundball, 15) (infield hit) Lawrence Farley to second
|
Batting: RHB Jesús Ortíz
|
0-0: Foul Ball, location: 2F 0-1: Ball 1-1: SINGLE (Flyball, 8LS) Lawrence Farley to third Francisco Rodríguez to second Runner from 3rd tries for Home, SAFE, throw made home Francisco Rodríguez to third Jesús Ortíz to second
|
Batting: RHB Félix Castro
|
0-0: Ball 1-0: Ball 2-0: Foul Ball, location: 2F 2-1: Ball 3-1: Called Strike 3-2: Foul Ball, location: 2F 3-2: Base on Balls
|
Batting: RHB Jeremiah Soto
|
0-0: Ball 1-0: Foul Ball, location: 2F 1-1: Called Strike 1-2: Strikes out looking
|
Batting: RHB Glenn Carter
|
0-0: Ball 1-0: Foul Ball, location: 2F 1-1: Ball 2-1: Foul Ball, location: 2F 2-2: Ground out 3-1 (Groundball, 3)
|
Top of the 1st over - 1 run(s), 3 hit(s), 0 error(s), 3 left on base; Georgia 1 - Purdue 0 |
BOTTOM OF THE 1ST |
Purdue Boilermakers batting - Pitching for Georgia Bulldogs : LHP Jon Vaughn
|
Pitching: LHP Jon Vaughn
|
|
Batting: RHB John Jamison
|
0-0: Ball 1-0: Swinging Strike 1-1: Ball 2-1: Called Strike 2-2: Foul Ball, location: 2F 2-2: Strikes out swinging
|
Batting: LHB Ray Bryant
|
0-0: Ball 1-0: Called Strike 1-1: Ball 2-1: Swinging Strike 2-2: Ball 3-2: Strikes out looking
|
Batting: RHB Robby Lewis
|
0-0: Ball 1-0: Ball 2-0: Ball 3-0: Called Strike 3-1: Called Strike 3-2: Foul Ball, location: 2F 3-2: Base on Balls
|
Batting: RHB Norm Scott
|
0-0: Ball 1-0: Called Strike 1-1: Called Strike Robby Lewis steals 2nd base 1-2: Foul Ball, location: 2F 1-2: Foul Ball, location: 2F 1-2: Foul Ball, location: 2F 1-2: Foul Ball, location: 2F 1-2: Foul Ball, location: 2F 1-2: Ball 2-2: Ball 3-2: Base on Balls
|
Batting: RHB Glenn Broadwater
|
0-0: Swinging Strike 0-1: Foul Ball, location: 2F 0-2: Foul Ball, location: 2F 0-2: Strikes out swinging
|
Bottom of the 1st over - 0 run(s), 0 hit(s), 0 error(s), 2 left on base; Georgia 1 - Purdue 0 |
TOP OF THE 2ND |
Georgia Bulldogs batting - Pitching for Purdue Boilermakers : RHP Bill Hines
|
Batting: LHB Dave Lee
|
0-0: Called Strike 0-1: Ball 1-1: Foul Ball, location: 2F 1-2: Ground out 6-3 (Groundball, 6)
|
Batting: RHB Jorge Pérez
|
0-0: Ground out 6-3 (Groundball, 6)
|
Batting: RHB Nick Harris
|
0-0: Swinging Strike 0-1: Ball 1-1: Ball 2-1: Ball 3-1: Base on Balls
|
Batting: SHB Lawrence Farley
|
0-0: Called Strike 0-1: Foul Ball, location: 2F 0-2: Ground out 4-3 (Groundball, 4)
|
Top of the 2nd over - 0 run(s), 0 hit(s), 0 error(s), 1 left on base; Georgia 1 - Purdue 0 |
BOTTOM OF THE 2ND |
Purdue Boilermakers batting - Pitching for Georgia Bulldogs : LHP Jon Vaughn
|
Batting: SHB Ben Summers
|
0-0: Foul Ball, location: 2F 0-1: Ball 1-1: Ground out 6-3 (Groundball, 56)
|
Batting: RHB José Rivera
|
0-0: Ground out 1-3 (Groundball, 13)
|
Batting: RHB Jeff Mason
|
0-0: Ball 1-0: Swinging Strike 1-1: Ball 2-1: DOUBLE (Flyball, 7LM)
|
Batting: RHB Bill Crawley
|
0-0: Ball 1-0: Called Strike 1-1: Ball 2-1: Ball 3-1: Foul Ball, location: 2F 3-2: Strikes out swinging
|
Bottom of the 2nd over - 0 run(s), 1 hit(s), 0 error(s), 1 left on base; Georgia 1 - Purdue 0 |
TOP OF THE 3RD |
Georgia Bulldogs batting - Pitching for Purdue Boilermakers : RHP Bill Hines
|
Batting: RHB Francisco Rodríguez
|
0-0: Ball 1-0: Ball 2-0: Foul Ball, location: 2F 2-1: Swinging Strike 2-2: Ball 3-2: Base on Balls
|
Batting: RHB Jesús Ortíz
|
0-0: Called Strike 0-1: Foul Ball, location: 2F 0-2: Ball 1-2: Ball 2-2: Grounds into double play, 6-4-3 (Groundball, 6)
|
Batting: RHB Félix Castro
|
0-0: Called Strike 0-1: Foul Ball, location: 2F 0-2: DOUBLE (Flyball, 78D)
|
Batting: RHB Jeremiah Soto
|
0-0: Ball 1-0: Ball 2-0: Ball 3-0: Called Strike 3-1: Called Strike 3-2: DOUBLE (Flyball, 89M) Félix Castro scores
|
Batting: RHB Glenn Carter
|
0-0: Called Strike 0-1: Ball 1-1: Foul Ball, location: 2F 1-2: Foul Ball, location: 2F 1-2: Strikes out swinging
|
Top of the 3rd over - 1 run(s), 2 hit(s), 0 error(s), 1 left on base; Georgia 2 - Purdue 0 |
BOTTOM OF THE 3RD |
Purdue Boilermakers batting - Pitching for Georgia Bulldogs : LHP Jon Vaughn
|
Batting: RHB John Jamison
|
0-0: Ball 1-0: Ball 2-0: Called Strike 2-1: Ball 3-1: Foul Ball, location: 2F 3-2: Foul Ball, location: 2F 3-2: Ground out 1-3 (Groundball, 13)
|
Batting: LHB Ray Bryant
|
0-0: Called Strike 0-1: Ball 1-1: Fly out, F5 (Popup, 5F)
|
Batting: RHB Robby Lewis
|
0-0: Ball 1-0: SOLO HOME RUN (Flyball, 9LD), Distance : 362 ft
|
Batting: RHB Norm Scott
|
0-0: Foul Ball, location: 2F 0-1: Fly out, F7 (Flyball, 7M)
|
Bottom of the 3rd over - 1 run(s), 1 hit(s), 0 error(s), 0 left on base; Georgia 2 - Purdue 1 |
TOP OF THE 4TH |
Georgia Bulldogs batting - Pitching for Purdue Boilermakers : RHP Bill Hines
|
Batting: LHB Dave Lee
|
0-0: Fly out, F4 (Line Drive, 4)
|
Batting: RHB Jorge Pérez
|
0-0: Fly out, F7 (Popup, 6D)
|
Batting: RHB Nick Harris
|
0-0: Ground out 6-3 (Groundball, 6)
|
Top of the 4th over - 0 run(s), 0 hit(s), 0 error(s), 0 left on base; Georgia 2 - Purdue 1 |
BOTTOM OF THE 4TH |
Purdue Boilermakers batting - Pitching for Georgia Bulldogs : LHP Jon Vaughn
|
Batting: RHB Glenn Broadwater
|
0-0: Called Strike 0-1: Called Strike 0-2: Foul Ball, location: 2F 0-2: Ball 1-2: Ball 2-2: Ground out U3 (Groundball, 3)
|
Batting: SHB Ben Summers
|
0-0: Called Strike 0-1: Swinging Strike 0-2: Ball 1-2: Strikes out swinging
|
Batting: RHB José Rivera
|
0-0: Called Strike 0-1: Ball 1-1: SINGLE (Line Drive, 78M)
|
Batting: RHB Jeff Mason
|
0-0: Ball 1-0: Ball 2-0: Ball 3-0: Called Strike 3-1: Base on Balls José Rivera to second
|
Pitching: LHP Ray Ross
|
|
Batting: RHB Bill Crawley
|
0-0: SINGLE (Line Drive, 8RS) José Rivera to third Jeff Mason to second Runner from 3rd tries for Home, SAFE, no throw or cutoff
|
Batting: RHB John Jamison
|
0-0: Foul Ball, location: 2F 0-1: SINGLE (Line Drive, 89S) Jeff Mason to third Bill Crawley to second Runner from 3rd tries for Home, SAFE, no throw or cutoff
|
Batting: LHB Ray Bryant
|
0-0: Called Strike 0-1: Called Strike 0-2: Ball 1-2: Ground out 3-1 (Groundball, 34)
|
Bottom of the 4th over - 2 run(s), 3 hit(s), 0 error(s), 2 left on base; Georgia 2 - Purdue 3 |
TOP OF THE 5TH |
Georgia Bulldogs batting - Pitching for Purdue Boilermakers : RHP Bill Hines
|
Batting: SHB Lawrence Farley
|
0-0: Foul Ball, location: 2F 0-1: Ball 1-1: Foul Ball, location: 2F 1-2: Strikes out looking
|
Batting: RHB Francisco Rodríguez
|
0-0: Ball 1-0: Ball 2-0: Ball 3-0: Base on Balls
|
Batting: RHB Jesús Ortíz
|
0-0: Called Strike 0-1: Foul Ball, location: 2F 0-2: Ball 1-2: Strikes out swinging
|
Pitching: LHP Ben Reyes
|
|
Batting: RHB Félix Castro
|
0-0: Reached on Error, E7 (Flyball, 7M) Francisco Rodríguez to third
|
Batting: RHB Jeremiah Soto
|
0-0: Foul Ball, location: 2F 0-1: Ball 1-1: Ball 2-1: Fly out, F5 (Popup, 15S)
|
Top of the 5th over - 0 run(s), 0 hit(s), 1 error(s), 2 left on base; Georgia 2 - Purdue 3 |
BOTTOM OF THE 5TH |
Purdue Boilermakers batting - Pitching for Georgia Bulldogs : LHP Ray Ross
|
Batting: RHB Robby Lewis
|
0-0: Called Strike 0-1: Ball 1-1: Called Strike 1-2: Strikes out swinging
|
Batting: RHB Norm Scott
|
0-0: Foul Ball, location: 2F 0-1: Swinging Strike 0-2: Ball 1-2: Foul Ball, location: 2F 1-2: Strikes out looking
|
Batting: RHB Glenn Broadwater
|
0-0: Swinging Strike 0-1: Ball 1-1: Called Strike 1-2: Ball 2-2: Ball 3-2: Strikes out swinging
|
Bottom of the 5th over - 0 run(s), 0 hit(s), 0 error(s), 0 left on base; Georgia 2 - Purdue 3 |
TOP OF THE 6TH |
Georgia Bulldogs batting - Pitching for Purdue Boilermakers : LHP Ben Reyes
|
Batting: RHB Glenn Carter
|
0-0: Called Strike 0-1: Ball 1-1: Ground out 6-3 (Groundball, 6)
|
Batting: LHB Dave Lee
|
0-0: TRIPLE (Flyball, 7M)
|
Batting: RHB Jorge Pérez
|
0-0: Ball 1-0: Fly out, F4 (Popup, 4)
|
Batting: RHB Nick Harris
|
0-0: Called Strike 0-1: Called Strike 0-2: Ball 1-2: Fly out, F9 (Flyball, 9LM)
|
Top of the 6th over - 0 run(s), 1 hit(s), 0 error(s), 1 left on base; Georgia 2 - Purdue 3 |
BOTTOM OF THE 6TH |
Purdue Boilermakers batting - Pitching for Georgia Bulldogs : LHP Ray Ross
|
Batting: SHB Ben Summers
|
0-0: Called Strike 0-1: Ball 1-1: Foul Ball, location: 2F 1-2: Fly out, F7 (Line Drive, 7S)
|
Batting: RHB José Rivera
|
0-0: Foul Ball, location: 2F 0-1: SINGLE (Line Drive, 34D)
|
Batting: RHB Jeff Mason
|
0-0: Foul Ball, location: 2F 0-1: Ball 1-1: Ball 2-1: Foul Ball, location: 2F 2-2: Ball 3-2: Base on Balls José Rivera to second
|
Batting: RHB Bill Crawley
|
0-0: Ball 1-0: Ground out U3 (Groundball, 3S) José Rivera to third Jeff Mason to second
|
Batting: RHB John Jamison
|
0-0: Foul Ball, location: 2F 0-1: Ball Wild Pitch! José Rivera scores Jeff Mason to third 1-1: Ball 2-1: Ball 3-1: Called Strike 3-2: SINGLE (Line Drive, 56) Jeff Mason scores
|
Batting: LHB Ray Bryant
|
0-0: Ball 1-0: Foul Ball, location: 2F 1-1: Ball 2-1: Ball Wild Pitch! John Jamison to second 3-1: Base on Balls
|
Batting: RHB Robby Lewis
|
0-0: Called Strike 0-1: SINGLE (Line Drive, 6M) John Jamison to third Ray Bryant to second Runner from 3rd tries for Home, SAFE, no throw or cutoff
|
Pitching: RHP Victor Coleman
|
|
Batting: RHB Norm Scott
|
0-0: Foul Ball, location: 2F 0-1: Foul Ball, location: 2F 0-2: Ball 1-2: Strikes out swinging
|
Bottom of the 6th over - 3 run(s), 3 hit(s), 0 error(s), 2 left on base; Georgia 2 - Purdue 6 |
TOP OF THE 7TH |
Georgia Bulldogs batting - Pitching for Purdue Boilermakers : LHP Ben Reyes
|
Batting: SHB Lawrence Farley
|
0-0: SINGLE (Flyball, 8RS)
|
Batting: RHB Francisco Rodríguez
|
0-0: Ball 1-0: Swinging Strike 1-1: Fly out, F3 (Popup, 23F)
|
Batting: RHB Jesús Ortíz
|
0-0: Called Strike 0-1: Foul Ball, location: 2F 0-2: Fly out, F7 (Flyball, 7D) Runner from 1st tags up, SAFE at 2nd
|
Batting: RHB Félix Castro
|
0-0: Ball 1-0: Ball 2-0: Foul Ball, location: 2F 2-1: Called Strike 2-2: Strikes out swinging
|
Top of the 7th over - 0 run(s), 1 hit(s), 0 error(s), 1 left on base; Georgia 2 - Purdue 6 |
BOTTOM OF THE 7TH |
Purdue Boilermakers batting - Pitching for Georgia Bulldogs : RHP Victor Coleman
|
Batting: RHB Glenn Broadwater
|
0-0: Ground out 5-3 (Groundball, 56)
|
Batting: SHB Ben Summers
|
0-0: Ball 1-0: Ball 2-0: Ball 3-0: Base on Balls
|
Batting: RHB José Rivera
|
0-0: Ball 1-0: Ball 2-0: Grounds into double play, 4-6-3 (Groundball, 4)
|
Bottom of the 7th over - 0 run(s), 0 hit(s), 0 error(s), 0 left on base; Georgia 2 - Purdue 6 |
TOP OF THE 8TH |
Georgia Bulldogs batting - Pitching for Purdue Boilermakers : LHP Ben Reyes
|
Pitching: RHP Scot Wright
|
|
Batting: RHB Jeremiah Soto
|
0-0: Ball 1-0: Swinging Strike 1-1: Foul Ball, location: 2F 1-2: Foul Ball, location: 2F 1-2: Strikes out looking
|
Batting: RHB Glenn Carter
|
0-0: Ball 1-0: Ball 2-0: Ball 3-0: Called Strike 3-1: Called Strike 3-2: Strikes out swinging
|
Batting: LHB Dave Lee
|
0-0: Swinging Strike 0-1: Ball 1-1: Swinging Strike 1-2: Ball 2-2: Ball 3-2: Base on Balls
|
Batting: RHB Jorge Pérez
|
0-0: Ball 1-0: Foul Ball, location: 2F 1-1: Foul Ball, location: 2F 1-2: Ball 2-2: Ball 3-2: Strikes out swinging
|
Top of the 8th over - 0 run(s), 0 hit(s), 0 error(s), 1 left on base; Georgia 2 - Purdue 6 |
BOTTOM OF THE 8TH |
Purdue Boilermakers batting - Pitching for Georgia Bulldogs : RHP Victor Coleman
|
Batting: RHB Jeff Mason
|
0-0: Called Strike 0-1: Ball 1-1: Ground out 4-3 (Groundball, 4)
|
Batting: RHB Bill Crawley
|
0-0: Ball 1-0: SINGLE (Flyball, 56D)
|
Batting: RHB John Jamison
|
0-0: Ball Bill Crawley steals 2nd base 1-0: Ball 2-0: Ball 3-0: Called Strike
|
|
|
|
3-1: Ground out 4-3 (Groundball, 4M) Bill Crawley to third
|
Batting: LHB Ray Bryant
|
0-0: Called Strike 0-1: Fly out, F8 (Flyball, 8LM)
|
Bottom of the 8th over - 0 run(s), 1 hit(s), 0 error(s), 1 left on base; Georgia 2 - Purdue 6 |
TOP OF THE 9TH |
Georgia Bulldogs batting - Pitching for Purdue Boilermakers : RHP Scot Wright
|
Pitching: RHP José Mejía
|
|
Batting: RHB Nick Harris
|
0-0: Ball 1-0: Foul Ball, location: 2F 1-1: Ball 2-1: Called Strike 2-2: Fly out, F9 (Flyball, 9LM)
|
Batting: SHB Lawrence Farley
|
0-0: Called Strike 0-1: Ball 1-1: Ball 2-1: Foul Ball, location: 2F 2-2: SINGLE (Line Drive, 34)
|
Batting: RHB Francisco Rodríguez
|
0-0: Called Strike 0-1: Foul Ball, location: 2F 0-2: Ball 1-2: Foul Ball, location: 2F 1-2: Ball 2-2: Fly out, F6 (Popup, 6D)
|
Batting: RHB Jesús Ortíz
|
0-0: Foul Ball, location: 2F 0-1: Ball 1-1: Called Strike 1-2: SINGLE (Groundball, 4M) Lawrence Farley to second Runner from 2nd tries for 3rd, SAFE, throw made to third
|
Batting: RHB Félix Castro
|
0-0: Called Strike 0-1: Foul Ball, location: 2F 0-2: Ball 1-2: Strikes out looking
|
Top of the 9th over - 0 run(s), 2 hit(s), 0 error(s), 2 left on base; Georgia 2 - Purdue 6 |
|
|